Map: Ulrena

Players

Hirano - Winner!

  • Race: Zerg Zerg
  • League: Platinum

LilDicky

  • Race: Terran Terran
  • League: Diamond

VOD

http://www.twitch.tv/tumescentpie

Description

Time

  • Played on: Dec. 10, 2015, 9:25 a.m.
  • Length: 11:09
Show
View Real Time Build Order
Export as new Build Order

Hirano Zerg - Winner!

Build Orders: Hatch First 

Get SALT Encoding   

  12  0:01  Drone  
  13  0:10  Drone  
  14  0:17  Overlord  
  14  0:22  Extractor  
  14  0:23  Drone  
  14  0:27  Extractor  
  13  0:29  Drone  
  16  0:42  Drone  
  17  0:47  Drone  
  18  0:58  Hatchery  
  18  1:03  Drone  
  18  1:14  Spawning Pool  
  18  1:18  Drone  
  18  1:19  Drone  
  19  1:29  Overlord  
  19  2:01  Queen, Zergling x6  
  24  2:10  Queen  
  24  2:11  Drone  
  24  2:12  Drone  
  28  2:28  Drone x2  
  30  2:37  Queen  
  30  2:38  Overlord  
  30  2:39  Drone  
  30  2:44  Drone  
  34  2:45  Drone  
  35  2:54  Drone  
  35  2:56  Queen  
  38  3:00  Overlord  
  38  3:04  Drone  
  39  3:05  Drone  
  39  3:09  Extractor x2  
  38  3:18  Drone x3  
  38  3:19  Drone x4  
  45  3:27  Drone  
  45  3:29  Hatchery  
  45  3:31  Drone  
  46  3:36  Overlord  
  46  3:39  Queen  
  48  3:46  Queen  
  50  3:51  Metabolic Boost  
  50  3:52  Drone  
  50  3:54  Drone  
  53  3:55  Drone  
  53  4:08  Drone x2, Roach Warren  
  53  4:09  Drone  
  55  4:14  Overlord x2  
  55  4:18  Drone  
  55  4:19  Drone x2  
  58  4:30  Drone x2  
  60  4:32  Overlord x2  
  60  4:34  Lair  
  60  4:40  Extractor  
  60  4:42  Evolution Chamber, Extractor  
  57  4:48  Spore Crawler  
  57  4:49  Spore Crawler  
  57  4:50  Queen  
  57  4:57  Roach  
  57  4:58  Roach x2  
  63  5:00  Roach  
  63  5:06  Roach x2  
  69  5:10  Drone  
  70  5:17  Zerg Missile Weapons Level 1  
  70  5:23  Roach x2  
  74  5:32  Roach x3  
  72  5:45  Roach x4  
  72  5:47  Queen  
  72  5:49  Drone x2  
  82  5:50  Drone x3  
  83  6:04  Drone x2  
  83  6:05  Drone x4  
  83  6:08  Drone x2  
  88  6:23  Drone x4  
  88  6:24  Spore Crawler, Drone x2  
  89  6:27  Extractor  
  89  6:28  Extractor  
  85  6:34  Drone  
  85  6:35  Overlord x2  
  85  6:37  Drone x3  
  87  6:45  Drone  
  82  6:49  Spire  
  82  6:52  Hydralisk Den  
  82  6:53  Drone x4  
  82  6:54  Drone x2  
  80  6:59  Drone x4  
  80  7:06  Overlord  
  78  7:10  Drone x3  
  78  7:11  Drone  
  78  7:12  Drone x2  
  78  7:14  Infestation Pit  
  83  7:16  Zerg Missile Weapons Level 2  
  83  7:34  Muscular Augments  
  83  7:37  Overseer  
  83  7:38  Pneumatized Carapace  
  83  7:41  Overseer  
  83  7:44  Hatchery  
  82  8:00  Mutalisk x10  
  82  8:01  Mutalisk  
  104  8:14  Hydralisk x2  
  104  8:17  Overseer  
  104  8:19  Roach  
  112  8:20  Roach  
  112  8:21  Extractor  
  112  8:23  Roach x2  
  112  8:24  Roach, Extractor  
  112  8:26  Roach  
  118  8:32  Roach x2  
  122  8:40  Hive  
  122  8:45  Overlord x4  
  122  8:46  Overlord  
  122  9:01  Roach x3  
  122  9:02  Roach x7  
  124  9:03  Roach  
  124  9:08  Overseer  
  118  9:16  Roach x3  
  118  9:17  Roach  
  126  9:25  Roach x3  
  126  9:30  Spire  
  127  9:31  Hydralisk Den  
  127  9:34  Queen  
  127  9:37  Drone x6  
  134  9:40  Roach x2  
  138  9:53  Roach  
  138  9:54  Roach x5  
  138  9:55  Ravager  
  138  9:56  Ravager x7  
  138  9:58  Drone x2  
  158  10:03  Drone  
  157  10:09  Queen  
  158  10:22  Drone  
  159  10:34  Overlord x3  
  161  10:48  Overlord x2  
  161  10:49  Overlord x2  
  167  10:52  Hatchery  
Show
View Real Time Build Order
Export as new Build Order

LilDicky Terran 

Build Orders: Hellion Banshee, Mech 

Get SALT Encoding   

  12  0:01  SCV  
  13  0:13  SCV  
  14  0:28  SCV, Supply Depot  
  16  0:50  SCV  
  16  0:51  Barracks  
  16  0:57  Refinery  
  16  1:02  SCV  
  17  1:14  SCV  
  18  1:26  SCV  
  20  1:40  Orbital Command  
  20  1:42  Reaper  
  20  1:51  Command Center  
  20  1:54  Refinery  
  20  2:06  Supply Depot  
  20  2:08  SCV  
  21  2:14  Reaper  
  23  2:22  SCV  
  23  2:31  Factory  
  23  2:35  SCV  
  24  2:47  SCV  
  25  2:54  Barracks Reactor  
  25  2:59  SCV  
  25  3:00  Supply Depot  
  26  3:11  SCV  
  27  3:18  Orbital Command  
  27  3:23  Starport  
  27  3:24  SCV  
  28  3:36  SCV  
  28  3:38  Barracks Tech Lab  
  28  3:39  Hellion  
  28  3:40  Hellion  
  33  3:45  SCV  
  33  3:48  SCV  
  35  3:57  SCV  
  35  4:00  SCV  
  35  4:01  Hellion x2  
  41  4:06  Banshee  
  41  4:07  Cloaking Field  
  41  4:08  Armory  
  41  4:09  SCV  
  45  4:12  SCV  
  45  4:15  Supply Depot  
  46  4:21  SCV  
  47  4:25  Hellion x2  
  47  4:28  SCV  
  52  4:33  SCV  
  53  4:39  Supply Depot  
  53  4:45  Command Center  
  53  4:46  Hellion  
  53  4:48  Hellion  
  57  4:54  Banshee  
  57  4:55  SCV  
  57  4:58  SCV  
  62  5:07  Refinery  
  62  5:10  Refinery  
  45  5:49  Hellion x2  
  48  5:51  Banshee  
  48  5:55  Factory  
  48  5:56  Factory x3  
  40  6:27  SCV  
  40  6:28  SCV  
  41  6:33  Hellion x2  
  41  6:38  Banshee  
  41  6:39  SCV  
  49  6:40  SCV, Factory Tech Lab x3  
  49  6:41  Factory Tech Lab  
  40  6:59  Thor x2  
  52  7:02  Hellion x4  
  52  7:06  SCV  
  61  7:10  Orbital Command  
  61  7:20  SCV x2  
  63  7:23  Hellion  
  63  7:24  Banshee  
  68  7:31  Supply Depot  
  68  7:33  Engineering Bay  
  68  7:35  Terran Vehicle Weapons Level 1  
  68  7:52  Siege Tank x2  
  74  8:13  Hellion  
  76  8:24  Supply Depot  
  76  8:26  SCV  
  77  8:45  Banshee  
  77  8:46  SCV, Hellion x2  
  85  9:06  Thor  
  85  9:10  Thor  
  85  9:16  Thor  
  60  9:46  Thor  
  66  9:59  Hellion x4  
  74  10:02  SCV x2  
  73  10:07  Missile Turret  
  73  10:17  Missile Turret  
  73  10:25  Hellion x2  
  73  10:26  Hellion x2  
  78  10:41  Missile Turret  
  78  10:47  Missile Turret  
Tags
 
Add a new tag
Caveats
  • Supply blocks, unpowered buildings, or Contaminate may cause inaccurate times.
  • Supply counts are checked every 10 seconds.